Map: Ruins of Endion

Players

Miszu

  • Race: Terran Terran
  • League: Master

YONG - Winner!

  • Race: Zerg Zerg
  • League: Master

VOD

Have the link to the VOD?

Description

Time

  • Played on: May 1, 2016, 4:05 p.m.
  • Length: 13:38
Show
View Real Time Build Order
Export as new Build Order

Miszu Terran 

Build Orders: Liberator Opening, Reaper Expand, MMM Bio 

Get SALT Encoding   

  12  0:00  SCV  
  13  0:12  SCV  
  14  0:18  Supply Depot  
  14  0:24  SCV  
  15  0:40  SCV  
  15  0:41  Barracks  
  16  0:43  Refinery  
  16  0:52  SCV  
  17  1:04  SCV  
  18  1:16  SCV  
  19  1:28  Orbital Command  
  19  1:29  Reaper  
  20  1:41  Command Center  
  20  1:53  SCV  
  21  1:55  Supply Depot  
  21  2:05  Barracks Reactor  
  21  2:06  SCV  
  22  2:10  Refinery  
  22  2:18  SCV  
  22  2:21  Factory  
  24  2:37  SCV  
  24  2:48  Marine x2  
  26  2:52  SCV  
  26  2:53  Orbital Command  
  26  2:55  Bunker  
  27  3:04  SCV  
  28  3:06  Marine x2  
  28  3:10  Starport, Factory Tech Lab  
  29  3:16  SCV  
  29  3:19  SCV  
  31  3:24  Marine x2  
  33  3:27  Supply Depot  
  33  3:29  SCV, Liberator  
  33  3:31  Siege Tank  
  33  3:33  SCV  
  38  3:41  SCV  
  39  3:45  SCV  
  43  3:53  SCV  
  44  3:58  SCV  
  45  4:05  SCV  
  46  4:10  SCV  
  46  4:13  Liberator  
  46  4:16  Command Center  
  47  4:17  SCV  
  47  4:22  SCV  
  47  4:23  Barracks  
  49  4:24  Barracks  
  49  4:25  Supply Depot  
  49  4:29  SCV  
  53  4:34  SCV  
  54  4:47  SCV x2  
  54  4:48  Refinery  
  54  4:50  Supply Depot  
  54  4:52  Refinery  
  56  4:56  Engineering Bay  
  56  4:58  Engineering Bay  
  56  4:59  SCV  
  57  5:02  SCV  
  58  5:13  Supply Depot  
  58  5:16  Barracks Tech Lab x2  
  58  5:17  Starport Reactor  
  58  5:20  SCV  
  59  5:25  SCV  
  60  5:28  Orbital Command  
  60  5:33  SCV  
  60  5:34  Terran Infantry Weapons Level 1, Terran Infantry Armor Level 1  
  61  5:38  Siege Tank  
  66  5:44  SCV  
  66  5:45  SCV  
  66  5:49  Stimpack  
  66  5:51  Barracks  
  66  5:53  Barracks  
  66  5:56  SCV  
  65  6:06  Marine x3  
  65  6:07  Combat Shields  
  65  6:08  Marine  
  65  6:09  Medivac x2  
  73  6:11  SCV  
  73  6:14  SCV  
  73  6:16  Siege Tank  
  77  6:23  Marine x2, SCV  
  77  6:25  Orbital Command  
  80  6:26  Supply Depot, SCV  
  80  6:28  Supply Depot, Marine  
  80  6:29  Marine  
  80  6:35  SCV  
  81  6:40  SCV  
  81  6:41  Marine  
  81  6:42  Marine  
  81  6:43  Medivac x2  
  81  6:45  Barracks Reactor x2  
  81  6:46  Marine x2  
  88  6:51  Barracks x2, SCV  
  88  6:52  SCV, Armory  
  88  6:53  Barracks, SCV  
  91  7:03  Siege Tank, SCV  
  91  7:04  SCV  
  91  7:05  SCV  
  97  7:15  Marine x4, SCV  
  99  7:17  SCV  
  99  7:19  Supply Depot  
  99  7:21  Supply Depot, SCV  
  99  7:22  Supply Depot  
  104  7:23  Marine  
  104  7:27  SCV  
  106  7:33  Marine x3  
  109  7:41  Marauder, SCV  
  109  7:43  Marine x2  
  118  7:44  Barracks Tech Lab x2  
  118  7:45  Marine  
  118  7:46  Marine, Siege Tank  
  118  7:48  SCV  
  118  7:51  Marine  
  126  7:52  Terran Infantry Armor Level 2, Terran Infantry Weapons Level 2  
  119  7:59  Barracks Tech Lab  
  119  8:01  Marine x4  
  119  8:02  Marine x2, Refinery  
  119  8:03  Refinery, Marine  
  119  8:04  Marine  
  126  8:10  Marine x2  
  126  8:11  Medivac x2  
  132  8:19  Marine  
  133  8:31  Marine x5  
  133  8:32  Supply Depot x2, Siege Tank  
  133  8:33  Supply Depot  
  133  8:34  Supply Depot  
  141  8:53  Marine x6, Medivac x2  
  141  8:54  Marine, Marauder x3  
  158  8:55  Supply Depot  
  158  8:56  Supply Depot  
  158  8:58  Supply Depot  
  158  8:59  Supply Depot  
  158  9:02  Marine  
  157  9:07  Terran Vehicle Weapons Level 1  
  158  9:10  Concussive Shells  
  158  9:11  Marine x2  
  158  9:12  Marauder x2  
  158  9:15  Marauder x3  
  170  9:19  Liberator x2  
  170  9:22  Starport  
  170  9:30  Marine  
  171  9:32  Marine  
  171  9:33  Marine x4, Marauder x2  
  186  9:59  Marauder  
  175  10:01  Marine  
  175  10:02  Marine x9  
  134  10:12  Liberator x2  
  106  10:16  Liberator  
  106  10:19  Marine x7  
  106  10:20  Marauder  
  106  10:21  Marine x2, Marauder  
  113  10:22  Siege Tank  
  127  10:37  Marine x7  
  127  10:39  Marine  
  127  10:42  Marine, Marauder  
  139  10:54  Marine  
  139  10:55  Marine, Liberator  
  139  10:56  Marauder  
  143  10:58  Terran Infantry Armor Level 3  
  143  10:59  Command Center  
  142  11:05  Marine  
  142  11:06  Marauder  
  142  11:09  Marine, Marauder, Liberator  
  142  11:10  Marine  
  142  11:11  Marine  
  149  11:14  Marauder  
  155  11:25  Marauder x2  
  157  11:26  Liberator  
  157  11:27  Marauder  
  157  11:30  Marauder  
  161  11:40  Marauder  
  161  11:42  Liberator  
  161  11:46  Marauder  
  170  11:47  Marauder  
  170  11:48  Marauder  
  170  11:50  Command Center  
  161  11:58  Marine, Marauder  
  161  12:00  Marine x2  
  169  12:14  Marine x6, Marauder  
  177  12:16  Marine  
  177  12:18  Marine x2  
  176  12:25  Marauder  
  156  12:47  Marine  
  156  12:48  Marine x10  
  151  13:03  Medivac  
  151  13:05  Medivac  
Show
View Real Time Build Order
Export as new Build Order

YONG Zerg - Winner!

Build Orders: Hatch First 

Get SALT Encoding   

  12  0:01  Drone  
  13  0:13  Overlord  
  13  0:18  Drone  
  14  0:31  Drone x2  
  14  0:35  Drone  
  17  0:53  Hatchery  
  17  0:55  Drone  
  17  1:09  Spawning Pool  
  16  1:13  Extractor  
  16  1:14  Drone  
  16  1:19  Drone  
  16  1:22  Drone  
  18  1:30  Drone  
  19  1:51  Overlord  
  19  1:55  Queen  
  19  1:56  Zergling x2  
  22  2:04  Queen  
  22  2:05  Zergling x2  
  22  2:06  Drone  
  26  2:18  Metabolic Boost  
  26  2:31  Hatchery  
  24  2:37  Drone x2  
  24  2:38  Drone x2  
  24  2:41  Drone  
  24  2:43  Drone  
  30  2:54  Queen  
  30  2:58  Overlord  
  32  3:10  Drone x3  
  32  3:12  Drone  
  36  3:20  Drone x3  
  36  3:23  Queen  
  41  3:28  Overlord  
  41  3:30  Drone  
  41  3:34  Drone x2  
  44  3:44  Overlord  
  44  3:47  Drone  
  44  3:48  Roach Warren  
  44  3:49  Drone x2  
  44  3:52  Drone x2  
  44  3:54  Drone x2  
  50  4:03  Drone  
  50  4:04  Zergling x4, Spore Crawler  
  50  4:05  Zergling x2  
  50  4:07  Drone  
  54  4:11  Drone x2  
  54  4:17  Drone  
  57  4:21  Drone x3  
  57  4:22  Evolution Chamber  
  57  4:23  Evolution Chamber  
  58  4:25  Drone  
  58  4:28  Spore Crawler  
  58  4:29  Drone  
  58  4:30  Drone  
  58  4:31  Drone x2  
  62  4:33  Drone  
  63  4:40  Extractor, Drone  
  63  4:42  Overlord  
  63  4:44  Overlord  
  63  4:46  Overlord  
  63  4:48  Zerg Ground Armor Level 1  
  63  4:49  Extractor  
  63  4:52  Overlord  
  62  4:53  Overlord  
  62  4:56  Overlord  
  62  4:58  Overlord  
  62  5:01  Overlord  
  62  5:03  Drone x2  
  62  5:04  Drone  
  62  5:06  Drone  
  62  5:07  Drone  
  67  5:11  Zerg Melee Weapons Level 1  
  67  5:14  Drone x5  
  72  5:21  Drone  
  72  5:24  Drone  
  73  5:31  Drone x2  
  73  5:32  Queen  
  70  5:50  Drone  
  70  5:53  Extractor  
  70  5:55  Drone x3  
  70  5:57  Lair  
  70  5:58  Roach x2  
  70  5:59  Roach  
  70  6:02  Drone x3  
  70  6:03  Roach x6  
  86  6:12  Roach x2  
  90  6:21  Roach x3  
  90  6:23  Roach  
  90  6:24  Roach x2  
  102  6:29  Roach  
  102  6:32  Roach  
  105  6:37  Roach  
  105  6:39  Drone  
  105  6:44  Drone  
  105  6:45  Drone  
  105  6:46  Extractor  
  106  6:47  Drone  
  106  6:48  Extractor  
  106  6:53  Drone  
  106  6:54  Drone x3  
  110  6:56  Glial Reconstitution, Drone  
  110  6:59  Zerg Missile Weapons Level 1  
  110  7:01  Infestation Pit, Drone  
  111  7:04  Queen  
  111  7:07  Drone x2  
  115  7:10  Drone x2  
  115  7:11  Drone  
  115  7:12  Drone  
  119  7:18  Roach  
  119  7:22  Overlord  
  121  7:23  Drone  
  121  7:29  Overlord  
  122  7:33  Zergling x2  
  122  7:43  Overlord  
  122  7:45  Zergling x6  
  122  7:48  Overlord  
  125  7:51  Infestor x2  
  125  7:52  Infestor  
  125  7:54  Overlord  
  125  7:57  Hive, Zergling x8  
  125  7:58  Zergling x4  
  137  8:00  Zergling x2  
  137  8:04  Drone x2, Hatchery  
  139  8:06  Drone  
  139  8:10  Overlord, Drone x2  
  139  8:12  Zergling x2  
  143  8:18  Zerg Ground Armor Level 2  
  143  8:22  Drone  
  143  8:23  Zergling x8  
  143  8:24  Hatchery  
  143  8:26  Spore Crawler  
  146  8:30  Drone x2  
  146  8:31  Overlord  
  146  8:32  Ravager x2  
  146  8:33  Ravager x3  
  153  8:36  Drone  
  153  8:40  Roach  
  156  8:44  Roach x2  
  156  8:48  Roach  
  162  8:50  Overlord  
  162  8:52  Roach x3  
  162  8:53  Overlord, Roach  
  162  8:55  Zerg Melee Weapons Level 2  
  170  9:05  Overlord  
  170  9:08  Roach  
  170  9:09  Roach x3  
  178  9:11  Roach x2  
  181  9:19  Drone  
  181  9:20  Roach x2  
  181  9:21  Roach x3  
  181  9:22  Ultralisk Cavern  
  181  9:23  Zergling x8  
  195  9:33  Spire  
  195  9:35  Zergling x6  
  195  9:36  Zergling x6  
  200  9:40  Adrenal Glands  
  200  9:49  Zergling x4  
  200  9:52  Spore Crawler  
  180  10:05  Zergling x2  
  180  10:06  Zergling x30  
  173  10:09  Zergling x2  
  141  10:14  Zergling x4  
  141  10:15  Zergling x4  
  140  10:23  Chitinous Plating  
  140  10:24  Drone x2  
  140  10:25  Drone x3  
  145  10:37  Zerg Ground Armor Level 3  
  145  10:46  Ultralisk x3  
  163  10:54  Ultralisk  
  163  10:57  Drone  
  170  11:01  Ravager  
  170  11:02  Ravager  
  172  11:08  Zergling x22  
  172  11:09  Zergling x4, Hatchery  
  184  11:12  Spine Crawler  
  184  11:14  Spine Crawler  
  180  11:21  Corruptor x2  
  180  11:22  Corruptor  
  181  11:29  Drone  
  176  11:39  Drone x5  
  177  11:40  Drone x8  
  180  11:53  Drone  
  180  11:54  Drone x4  
  171  12:10  Ultralisk x2  
  176  12:41  Ultralisk  
  176  12:42  Ultralisk  
  176  12:43  Zergling x2  
  176  12:44  Zergling x24  
  193  12:49  Corruptor  
  199  12:54  Zergling x4  
  199  12:57  Hatchery  
  199  12:58  Zergling x6  
  185  13:06  Zergling x4  
  185  13:07  Zergling x2  
  188  13:14  Zergling x2  
Tags
 
Add a new tag
Caveats
  • Supply blocks, unpowered buildings, or Contaminate may cause inaccurate times.
  • Supply counts are checked every 10 seconds.